 Dungeon Crawl Stone Soup version 0.26.0-41-g79a4fc7684 (webtiles) character file.

Game seed: 14104986659031855689

224145 kaeus the Severer (level 18, -1/262 HPs)
             Began as a Minotaur Berserker on Jan 26, 2021.
             Was the Champion of Trog.
             Killed from afar by a deep elf sorcerer (4 damage)
             ... with a bolt of acid
             ... on level 3 of the Elven Halls.
             The game lasted 01:14:11 (40271 turns).

kaeus the Severer (Minotaur Berserker)             Turns: 40271, Time: 01:14:12

Health: -1/262     AC: 48    Str: 30    XL:     18   Next: 58%
Magic:  17/17      EV: 17    Int:  4    God:    Trog [******]
Gold:   1156       SH: 28    Dex: 18    Spells: 17/17 levels left

rFire    + + .     SeeInvis .   D - +9 broad axe (flame)
rCold    + . .     Faith    .   f - +0 tower shield of Reru {+Blink Dex+3}
rNeg     . . .     Spirit   .   X - +13 plate armour "Jurebb Acyi" {*Contam Rampage Will++ Str+2}
rPois    +         Reflect  +   (helmet restricted)
rElec    +         Harm     .   N - +2 cloak
rCorr    +         Rampage  +   n - +0 pair of gloves {Dex+3}
Will     +++++                  F - +1 pair of boots
Stlth    ..........             o - amulet of reflection
HPRegen  1.53/turn              O - ring of Cyzxehiq {rF+ rCorr}
MPRegen  0.15/turn              m - ring of the Tortoise {AC+8}

@: mighty, berserking (expiring), lethally poisoned (-1 -> -1), resistant,
regenerating, hasted, very quick
A: retaliatory headbutt, horns 2, rugged brown scales 1, subdued magic 1
}: 1/15 runes: decaying
a: Renounce Religion, Evoke Blink, Berserk, Trog's Hand, Brothers in Arms


You were on level 3 of the Elven Halls.
You worshipped Trog.
Trog was exalted by your worship.
You visited 6 branches of the dungeon, and saw 31 of its levels.
You also visited: Gauntlet and Ice Cave.

You collected 3975 gold pieces.
You spent 2819 gold pieces at shops.

Inventory:

Hand Weapons
 x - a +6 war axe of flaming
 D - a +9 broad axe of flaming (weapon)
Armour
 f - the +0 tower shield of Reru (worn) {+Blink Dex+3}
   (You found it on level 3 of the Swamp)

   It affects your dexterity (+3).
   It lets you blink.
 n - a +0 pair of gloves of dexterity (worn)
 F - a +1 pair of boots (worn)
 N - a +2 cloak (worn)
 X - the +13 plate armour "Jurebb Acyi" (worn) {*Contam Rampage Will++ Str+2}
   (You found it on level 12 of the Dungeon)

   It affects your strength (+2).
   It affects your willpower, your defense against some magical effects.
   It causes magical contamination when unequipped.
   It bestows one free step when moving towards enemies.
Jewellery
 j - an uncursed ring of protection from cold
 m - the ring of the Tortoise (right hand) {AC+8}
   (You took it off a minotaur in a Gauntlet)

   [ring of protection]

   It affects your AC (+8).
 o - an amulet of reflection (around neck)
 s - an uncursed ring of protection from cold
 B - an uncursed ring of see invisible
 M - an uncursed ring of fire
 O - the ring of Cyzxehiq (left hand) {rF+ rCorr}
   (You bought it in a shop on level 2 of the Orcish Mines)

   [ring of resist corrosion]

   It protects you from fire.
   It provides partial protection from all sources of acid and corrosion.
 U - an uncursed ring of poison resistance
 Y - an uncursed ring of positive energy
Wands
 a - a wand of polymorph (6)
 d - a wand of digging (18)
 h - a wand of paralysis (17)
 q - a wand of iceblast (25)
 w - a wand of acid (31)
 y - a wand of flame (16)
 E - a wand of enslavement (26)
Scrolls
 b - 5 scrolls of fog
 c - 21 scrolls of remove curse
 i - 8 scrolls of teleportation
 p - a scroll of enchant armour
 C - 5 scrolls of identify
 G - 2 scrolls of magic mapping
 H - 4 scrolls of fear
 I - a scroll of silence
 R - 3 scrolls of blinking
Potions
 g - 6 potions of might
 k - 6 potions of cancellation
 l - 15 potions of curing
 r - 8 potions of resistance
 t - 6 potions of magic
 u - 4 potions of invisibility
 z - 5 potions of flight
 A - 6 potions of haste
 K - 2 potions of attraction
 L - 5 potions of ambrosia
 V - a potion of berserk rage
Miscellaneous
 v - a lightning rod (4/4)
 J - a box of beasts


   Skills:
 + Level 17.2 Fighting
 - Level 18.0 Axes
 + Level 17.0 Armour
 + Level 15.8 Dodging
 * Level 16.5 Shields
 + Level 8.9 Evocations


You had 17 spell levels left.
You didn't know any spells.
Your spell library contained the following spells:

 Spells                   Type           Power        Failure   Level
 Animate Skeleton         Necr           0%           100%        1
 Corona                   Hex            0%           100%        1
 Magic Dart               Conj           0%           100%        1
 Sandblast                Erth           0%           100%        1
 Shock                    Conj/Air       0%           100%        1
 Ensorcelled Hibernation  Hex/Ice        0%           100%        2
 Passwall                 Tmut/Erth      0%           100%        2
 Searing Ray              Conj           0%           100%        2
 Swiftness                Air            0%           100%        2
 Confusing Touch          Hex            0%           100%        3
 Dazzling Flash           Conj/Hex       0%           100%        3
 Spider Form              Tmut/Pois      0%           100%        3
 Static Discharge         Conj/Air       0%           100%        3
 Stone Arrow              Conj/Erth      0%           100%        3
 Tukima's Dance           Hex            0%           100%        3
 Airstrike                Air            0%           100%        4
 Animate Dead             Necr           0%           100%        4
 Fulminant Prism          Conj/Hex       0%           100%        4
 Iskenderun's Mystic Bla  Conj/Tloc      0%           100%        4
 Petrify                  Tmut/Erth      0%           100%        4
 Borgnjor's Vile Clutch   Necr/Erth      0%           100%        5
 Lee's Rapid Deconstruct  Erth           0%           100%        5
 Lightning Bolt           Conj/Air       0%           100%        5
 Death Channel            Necr           0%           100%        6
 Eringya's Noxious Bog    Tmut/Pois      0%           100%        6
 Simulacrum               Ice/Necr       0%           100%        6


Dungeon Overview and Level Annotations

Branches:
Dungeon (15/15) Temple (1/1) D:4 Lair (6/6) D:8 Swamp (4/4) Lair:2 Snake (0/4) Lair:2 Slime (0/5) Lair:6 Orc (2/2) D:11 Elf (3/3) Orc:2 Vaults (0/5) D:12 D:13 Depths (0/5) D:15 IceCv (visited) Gauntlet (visited)

Altars:
Ashenzari
Cheibriados
Dithmenos
Elyvilon
Fedhas
Gozag
Hepliaklqana
Kikubaaqudgha
Makhleb
Nemelex Xobeh
Okawaru
Qazlal
Ru
Sif Muna
Trog
Uskayaw
Vehumet
Wu Jian
Xom
Yredelemnul
Zin
The Shining One
Beogh

Shops:
D:5 (   D:7 *   D:11 [   D:13 !   Orc:2 *=}!   Elf:1 (   Elf:2 }!:   Elf:3 [

Annotations:
Elf:3 1 runed translucent door


Innate Abilities, Weirdness & Mutations

You reflexively headbutt those who attack you in melee.
You have a pair of horns on your head.
You are partially covered in rugged brown scales. (AC +1, +3% HP)
Your spells are a little easier to cast, but a little less powerful.


Message History

The deep elf high priest mumbles some strange prayers to its god against you.
Something smites you!
* * * LOW HITPOINT WARNING * * *
The human shouts!
A deep elf high priest and a deep elf blademaster come into view.
You take 11 damage, and have 2/262 hp.
Okay, then.
You hear a shout! x2
The deep elf sorcerer becomes larger for a moment.
The human is engulfed in seething chaos.
The human seems to slow down.
The deep elf high priest moves out of view.
The deep elf blademaster moves out of view.
A deep elf high priest comes into view. It is wielding a +0 short sword.
You feel a strong urge to attack something.
You feel sick.
The deep elf sorcerer seems less brilliant.
The deep elf sorcerer gestures at you while chanting.
The bolt of acid hits you. You resist.
You die... ###.....### ....e.... ee.eepĀ§ ee2ee 1ee

##e## # #)))# . #...#
# ###@).# #
##.##.#### #### ##.
#....e...# #..# ###
#....e...####..####..
#.e.)............##.#
#...?)...####..#.....
#..............####.#
#.........(....# #.#
#...$...###########..


You could see a deep elf blademaster, a deep elf master archer, 3 deep elf
annihilators, a blizzard demon (summoned), 2 deep elf sorcerers, 3 deep elf high
priests and a human (slow).

Vanquished Creatures
  Rupert (D:12)
  A deep elf blademaster (Elf:3)
  2 thorn hunters
  A storm dragon (D:12)
  A fenstrider witch (Swamp:4)
  A frost giant (IceCv)
  2 deep elf sorcerers
  An orc warlord (D:11)
  A deep elf elementalist (Elf:3)
  2 deep elf demonologists
  A minotaur (Gauntlet)
  A deep elf annihilator (Elf:3)
  3 bunyips
  5 eleionomae
  A deep elf death mage (Elf:1)
  A death ooze (Gauntlet)
  2 deep elf high priests (Elf:3)
  5 shambling mangroves
  A yaktaur captain (D:12)
  A rakshasa (D:15)
  3 boulder beetles
  24 hydras
  5 centaur warriors
  10 alligators
  3 catoblepae
  9 two-headed ogres
  11 death yaks
  22 dancing weapons
  Urug (D:13)
  3 orc high priests
  18 deep elf knights
  2 fire crabs (Gauntlet)
  4 goliath frogs
  3 unseen horrors
  4 bog bodies
  Pikel (D:4)
  2 spriggan druids
  7 swamp dragons (Swamp:4)
  A glowing orange brain (D:15)
  8 deep elf archers
  2 wizards
  5 orc knights
  52 deep elf magi
  4 ugly things
  4 will-o-the-wisps
  5 orc sorcerers
  3 cyclopes
  A salamander (shapeshifter) (D:15)
  An ice statue (IceCv)
  2 black mambas
  3 centaur zombies
  11 elephants
  A gargoyle (D:15)
  2 kobold demonologists
  A freezing wraith (D:12)
  10 komodo dragons
  A minotaur zombie (Gauntlet)
  25 cane toads
  2 yaktaurs
  7 rime drakes
  An efreet (D:12)
  2 ice devils (Lair:1)
  11 polar bears
  A tengu conjurer (Elf:1)
  A queen bee (D:12)
  3 meliai (D:12)
  6 trolls
  13 tyrant leeches
  12 hornets
  10 slime creatures
  16 blink frogs (Lair:6)
  13 dream sheep
  Sigmund (D:4)
  3 air elementals
  A tarantella (shapeshifter) (D:15)
  16 humans
  4 water elementals
  4 spriggans
  4 wyverns
  3 shadows
  3 wraiths
  6 basilisks
  6 fire elementals
  A hog (shapeshifter) (D:15)
  69 yaks
  7 fire bats (Gauntlet)
  A steam dragon (D:7)
  Grum (D:8)
  20 vampire mosquitoes
  3 wargs
  3 nagas (Lair:2)
  A hydra simulacrum (Lair:3)
  3 acid dragons
  3 hell hounds (Gauntlet)
  A soldier ant (D:13)
  16 water moccasins
  17 swamp worms
  2 ice beasts
  5 swamp drakes
  34 orc warriors
  4 sky beasts
  2 black bears
  A hornet zombie (D:6)
  4 phantoms
  An eye of draining (D:13)
  12 ogres
  A boggart (Elf:1)
  2 necrophages
  A black mamba simulacrum (Lair:3)
  20 centaurs
  66 wolves
  A lemure (D:4)
  30 bullfrogs
  5 big kobolds (D:8)
  2 earth elementals
  A wyvern zombie (D:10)
  A cane toad simulacrum (Lair:3)
  29 killer bees
  2 scorpions (D:6)
  12 wights
  A dream sheep simulacrum (Lair:3)
  3 howler monkeys
  2 electric eels (Lair:2)
  2 bullfrog zombies
  A komodo dragon simulacrum (Lair:3)
  12 jellies
  A quasit (D:7)
  A wyvern simulacrum (Lair:3)
  4 hounds
  Crazy Yiuf (D:4)
  A bullfrog skeleton (D:7)
  31 orc priests
  36 orc wizards
  4 centaur skeletons
  Jessica (D:3)
  Natasha (thrice) (D:4)
  2 iguanas
  16 hell rats
  14 worker ants
  A polar bear simulacrum (Lair:3)
  A killer bee zombie (D:10)
  A bullfrog simulacrum (D:12)
  A hound skeleton (D:10)
  2 hound zombies
  A mummy (D:10)
  A howler monkey skeleton (D:4)
  11 adders
  11 river rats (Lair:1)
  A shadow imp (D:7)
  2 white imps
  2 ufetubi (D:6)
  2 oozes
  2 worms
  3 dart slugs
  4 leopard geckos
  129 orcs
  2 ball pythons
  7 bats
  6 giant cockroaches
  4 goblins
  8 hobgoblins
  27 jackals
  12 quokkas
  5 frilled lizards
  17 kobolds
  A quokka skeleton (D:10)
  12 rats
  15 briar patches
1268 creatures vanquished.

Vanquished Creatures (collateral kills)
  A thorn hunter (Swamp:3)
  The ghost of XxsatanxX the Severer, a journeyman MiBe of Trog (Lair:3)
  A deep elf demonologist (Elf:1)
  5 hydras
  An orc high priest (Orc:2)
  2 swamp dragons
  A deep elf archer (Elf:1)
  3 orc knights (Orc:2)
  A rime drake (Lair:3)
  2 hornets (Swamp:4)
  A spriggan (Swamp:4)
  A swamp worm (Swamp:3)
  4 swamp drakes (Swamp:4)
  A black mamba simulacrum (Lair:3)
25 creatures vanquished.

Vanquished Creatures (others)
  A hydra (Swamp:1)
  2 cane toads (Lair:6)
  3 bloated husks
  2 vampire mosquitoes (Swamp:1)
  A killer bee (D:12)
  An orc priest (Orc:2)
  A white imp (D:8)
  An ufetubus (D:8)
  An orc (Orc:2)
  A briar patch (Swamp:4)
  22 demonic plants (Gauntlet)
  14 foxfires
  51 fungi
  129 plants
  10 toadstools (Swamp:3)
240 creatures vanquished.

Grand Total: 1533 creatures vanquished

Notes
Turn   | Place    | Note
-------+----------+-------------------------------------------
     0 | D:1      | kaeus the Minotaur Berserker began the quest for the Orb.
     0 | D:1      | Reached XP level 1. HP: 19/19 MP: 0/0
   336 | D:1      | Reached XP level 2. HP: 23/27 MP: 1/1
   544 | D:1      | Reached skill level 4 in Axes
   670 | D:1      | Reached XP level 3. HP: 27/33 MP: 2/2
   967 | D:1      | Reached ** piety under Trog
  1368 | D:2      | Noticed a sky beast
  1380 | D:2      | Killed a sky beast
  1381 | D:2      | Reached skill level 5 in Axes
  1381 | D:2      | Reached XP level 4. HP: 7/41 MP: 3/3
  1514 | D:2      | Reached XP level 5. HP: 28/47 MP: 4/4
  1970 | D:2      | Found a sacrificial altar of Ru.
  2212 | D:2      | Reached XP level 6. HP: 9/55 MP: 5/5
  2825 | D:3      | Noticed Jessica
  2839 | D:3      | Killed Jessica
  2840 | D:3      | Reached skill level 6 in Axes
  2854 | D:3      | Found a shimmering altar of Xom.
  3203 | D:3      | Found a snail-covered altar of Cheibriados.
  3279 | D:3      | Found a bloodstained altar of Trog.
  3279 | D:3      | Found a basalt altar of Yredelemnul.
  3522 | D:4      | Noticed a wyvern
  3530 | D:4      | Reached skill level 5 in Fighting
  3530 | D:4      | Reached *** piety under Trog
  3557 | D:4      | Killed a wyvern
  3558 | D:4      | Reached skill level 1 in Shields
  3558 | D:4      | Reached XP level 7. HP: 59/61 MP: 6/6
  3764 | D:4      | Noticed Sigmund
  3773 | D:4      | Killed Sigmund
  3774 | D:4      | Reached skill level 7 in Axes
  3945 | D:4      | Found a staircase to the Ecumenical Temple.
  4012 | D:4      | Found a runed translucent door.
  4013 | D:4      | Noticed Crazy Yiuf
  4050 | D:4      | Noticed Natasha
  4051 | D:4      | Found a glowing silver altar of Zin.
  4054 | D:4      | Noticed Pikel
  4058 | D:4      | Killed Natasha
  4065 | D:4      | Killed Pikel
  4066 | D:4      | Reached skill level 8 in Axes
  4066 | D:4      | Reached skill level 5 in Armour
  4066 | D:4      | Reached skill level 5 in Dodging
  4066 | D:4      | Reached XP level 8. HP: 70/70 MP: 7/7
  4396 | D:4      | Noticed Natasha
  4402 | D:4      | Killed Natasha
  4438 | D:4      | Noticed Natasha
  4440 | D:4      | Killed Natasha
  4603 | D:4      | Killed Crazy Yiuf
  4749 | D:5      | Entered Level 5 of the Dungeon
  4784 | Temple   | Entered the Ecumenical Temple
  5211 | D:5      | Found Ruci's Weapon Shop.
  5435 | D:5      | Found a glowing golden altar of the Shining One.
  5749 | D:6      | Reached skill level 9 in Axes
  5818 | D:6      | Reached **** piety under Trog
  5927 | D:6      | Reached XP level 9. HP: 70/78 MP: 8/8
  6852 | D:7      | Reached skill level 5 in Shields
  6860 | D:7      | Found a hazy altar of Hepliaklqana.
  6891 | D:7      | Noticed a two-headed ogre
  6901 | D:7      | Killed a two-headed ogre
  6902 | D:7      | Reached skill level 10 in Axes
  7032 | D:7      | Found an ancient bone altar of Kikubaaqudgha.
  7069 | D:7      | Found a hide-covered altar of Uskayaw.
  7299 | D:7      | Found an iron altar of Okawaru.
  7300 | D:7      | Found a blossoming altar of Fedhas.
  7430 | D:7      | Found Tamm's Assorted Antiques.
  8032 | D:7      | Reached XP level 10. HP: 88/88 MP: 9/9
  8266 | D:8      | Noticed Grum
  8286 | D:8      | Reached skill level 11 in Axes
  8293 | D:8      | Killed Grum
  8465 | D:8      | Reached ***** piety under Trog
  9293 | D:8      | Found a staircase to the Lair.
  9311 | D:8      | Received a gift from Trog
 10416 | D:10     | Entered Level 10 of the Dungeon
 10457 | D:10     | Noticed a two-headed ogre
 10464 | D:10     | Killed a two-headed ogre
 10465 | D:10     | Reached skill level 12 in Axes
 11118 | D:10     | Killed an unseen horror
 11119 | D:10     | Reached XP level 11. HP: 69/97 MP: 3/10
 11664 | D:10     | Killed an unseen horror
 12221 | D:11     | Noticed a two-headed ogre
 12232 | D:11     | Killed a two-headed ogre
 12233 | D:11     | Reached skill level 13 in Axes
 12357 | D:11     | Noticed a two-headed ogre
 12360 | D:11     | Killed a two-headed ogre
 12361 | D:11     | Reached skill level 10 in Fighting
 12717 | D:11     | Noticed an eight-headed hydra
 12717 | D:11     | Noticed a boulder beetle
 12730 | D:11     | Killed a 12-headed hydra
 12743 | D:11     | Killed a boulder beetle
 12968 | D:11     | Found Ivvy's Armour Emporium.
 12972 | D:11     | Bought the +5 ring mail of Beastly Awe {rN+ Str+5} for 557
                  | gold pieces
 13180 | D:11     | Found a staircase to the Orcish Mines.
 13817 | Lair:1   | Entered Level 1 of the Lair of Beasts
 14027 | Lair:1   | Reached skill level 10 in Armour
 14064 | Lair:1   | Reached skill level 14 in Axes
 14064 | Lair:1   | Reached XP level 12. HP: 107/107 MP: 3/11
 14216 | Lair:1   | Found a frozen archway.
 14232 | IceCv    | Entered an ice cave
 14263 | IceCv    | Gained mutation: You are clumsy. (Dex -2) [potion of
                  | mutation]
 14263 | IceCv    | Lost mutation: You are clumsy. (Dex -2) [potion of
                  | mutation]
 15345 | IceCv    | Received a gift from Trog
 15375 | IceCv    | Reached skill level 10 in Dodging
 15695 | IceCv    | Noticed a death yak
 15707 | IceCv    | Killed a death yak
 15708 | IceCv    | Reached skill level 15 in Axes
 15932 | IceCv    | Noticed a frost giant
 15932 | IceCv    | Noticed a death yak
 15940 | IceCv    | Killed a frost giant
 15942 | IceCv    | Killed a death yak
 16879 | Lair:2   | Noticed a seven-headed hydra
 16884 | Lair:2   | Received a gift from Trog
 16888 | Lair:2   | Reached XP level 13. HP: 117/117 MP: 4/12
 17084 | Lair:2   | Found a staircase to the Snake Pit.
 17640 | Lair:2   | Found a staircase to the Swamp.
 18324 | Lair:2   | Got a distressingly furry leather armour
 18335 | Lair:2   | Identified the cursed +0 leather armour of Elyxusoh {rN+}
                  | (You found it on level 2 of the Lair of Beasts)
 18412 | Lair:3   | Reached skill level 16 in Axes
 19103 | Lair:3   | Found a runed translucent gate.
 19103 | Lair:3   | Found a runed translucent gate.
 19103 | Lair:3   | Found a runed translucent gate.
 19635 | Lair:3   | Noticed XxsatanxX's ghost (journeyman MiBe)
 19913 | Lair:3   | Received a gift from Trog
 19938 | Lair:3   | Killed XxsatanxX's ghost
 20882 | Lair:4   | Reached skill level 17 in Axes
 21046 | Lair:4   | Reached XP level 14. HP: 78/127 MP: 4/13
 21530 | Lair:4   | You fall into a shaft and drop 1 floor!
 22204 | Lair:4   | Identified the Disquisition on Virous Unholy Arts
 22841 | Lair:5   | Received a gift from Trog
 22842 | Lair:5   | Reached skill level 1 in Evocations
 23408 | Lair:5   | Gained mutation: Your movements are slightly less
                  | encumbered by armour. (ER -2) [potion of mutation]
 23408 | Lair:5   | Gained mutation: You evolve. [potion of mutation]
 23435 | Lair:6   | Entered Level 6 of the Lair of Beasts
 23481 | Lair:6   | Reached skill level 18 in Axes
 23569 | Lair:6   | Found a staircase to the Slime Pits.
 23792 | Lair:6   | Gained mutation: You expend magic power (3 MP) to
                  | strengthen your wands. [evolution]
 23902 | Lair:6   | Reached ****** piety under Trog
 24131 | Lair:6   | Received a gift from Trog
 24242 | Lair:6   | Reached XP level 15. HP: 90/138 MP: 4/14
 25672 | Orc:1    | Entered Level 1 of the Orcish Mines
 25672 | Orc:1    | Noticed an orc warlord
 25695 | D:11     | Killed an orc warlord
 26158 | Orc:1    | Found a burning altar of Makhleb.
 26727 | Orc:1    | Paralysed by an orc sorcerer for 7 turns
 27287 | Orc:2    | Entered Level 2 of the Orcish Mines
 27292 | Orc:2    | Received a gift from Trog
 27319 | Orc:2    | Found a staircase to the Elven Halls.
 28322 | Orc:2    | Reached skill level 5 in Evocations
 28459 | Orc:2    | Found Inodeimod's General Store.
 28459 | Orc:2    | Found Ytry's Distillery.
 28461 | Orc:2    | Found Nesisof's Jewellery Shoppe.
 28461 | Orc:2    | Found Wougeos's Gadget Boutique.
 28471 | Orc:2    | Bought the ring of Cyzxehiq {rF+ rCorr} for 544 gold pieces
 28481 | Orc:2    | Bought an uncursed ring of poison resistance for 220 gold
                  | pieces
 28481 | Orc:2    | Bought a scroll of identify for 22 gold pieces
 28483 | Orc:2    | Bought a +6 ring of strength for 936 gold pieces
 28888 | D:12     | Received a gift from Trog
 29161 | D:12     | Reached skill level 10 in Shields
 29211 | D:12     | Noticed a storm dragon
 29221 | D:12     | Killed a storm dragon
 29616 | D:12     | Got a slimy plate armour
 29627 | D:12     | Identified the +13 plate armour "Jurebb Acyi" {*Contam
                  | Rampage Will++ Str+2} (You found it on level 12 of the
                  | Dungeon)
 29688 | D:13     | Found a gate to the Vaults.
 29688 | D:13     | Noticed Urug
 29688 | D:13     | Noticed Rupert
 29721 | D:12     | Killed Rupert
 29722 | D:12     | Reached skill level 15 in Fighting
 29742 | D:13     | Killed Urug
 29750 | D:13     | Found a gate leading to a gauntlet.
 29759 | Gauntlet | Entered a Gauntlet
 29759 | Gauntlet | Found a transporter.
 29759 | Gauntlet | Found a transporter.
 29787 | Gauntlet | Found a transporter.
 29820 | Gauntlet | Found a transporter.
 29833 | Gauntlet | Found a transporter.
 29836 | Gauntlet | Found a transporter.
 29843 | Gauntlet | Found a transporter.
 29861 | Gauntlet | Found a runed translucent door.
 29862 | Gauntlet | Found a transporter.
 29863 | Gauntlet | Found a runed translucent door.
 29876 | Gauntlet | Found a transporter.
 29879 | Gauntlet | Found a transporter.
 29881 | Gauntlet | Found a runed translucent gate.
 29881 | Gauntlet | Found a runed translucent gate.
 29881 | Gauntlet | Found a runed translucent gate.
 29887 | Gauntlet | Found a transporter.
 29890 | Gauntlet | Found a transporter.
 30007 | Gauntlet | Received a gift from Trog
 30087 | Gauntlet | Reached XP level 16. HP: 148/149 MP: 5/15
 30323 | D:13     | Found Bintaitu's Distillery.
 31075 | D:14     | Reached skill level 15 in Armour
 31713 | D:15     | Entered Level 15 of the Dungeon
 32030 | D:15     | Found a staircase to the Depths.
 32099 | D:15     | Found a roughly hewn altar of Beogh.
 32100 | D:15     | Received a gift from Trog
 32787 | Swamp:1  | Entered Level 1 of the Swamp
 34011 | Swamp:1  | Lost mutation: You evolve. [end of evolution]
 34268 | Swamp:2  | You fall into a shaft and drop 1 floor!
 34275 | Swamp:3  | Noticed a thorn hunter
 34287 | Swamp:3  | Killed a thorn hunter
 34401 | Swamp:3  | Received a gift from Trog
 34415 | Swamp:3  | Noticed a thorn hunter
 34434 | Swamp:3  | HP: 4/151 [thorn hunter/volley of thorns (40)]
 34435 | Swamp:3  | Killed a thorn hunter
 34762 | Swamp:3  | Got a smoking tower shield
 34776 | Swamp:3  | Identified the cursed +0 tower shield of Reru {+Blink
                  | Dex+3} (You found it on level 3 of the Swamp)
 35234 | Swamp:2  | Reached XP level 17. HP: 140/158 MP: 16/16
 35521 | Swamp:4  | Entered Level 4 of the Swamp
 35611 | Swamp:4  | Received a gift from Trog
 35664 | Swamp:4  | Got a decaying rune of Zot
 35960 | Swamp:4  | Reached skill level 15 in Dodging
 36677 | Swamp:4  | Lost mutation: You expend magic power (3 MP) to strengthen
                  | your wands. [potion of mutation]
 36677 | Swamp:4  | Lost mutation: Your movements are slightly less encumbered
                  | by armour. (ER -2) [potion of mutation]
 36677 | Swamp:4  | Gained mutation: Your spells are a little easier to cast,
                  | but a little less powerful. [potion of mutation]
 36677 | Swamp:4  | Gained mutation: You are partially covered in rugged brown
                  | scales. (AC +1, +3% HP) [potion of mutation]
 36996 | Elf:1    | Entered Level 1 of the Elven Halls
 37167 | Elf:1    | Noticed a Brimstone Fiend
 37634 | Elf:1    | Reached skill level 15 in Shields
 37766 | Elf:1    | Found Cekh's Weapon Emporium.
 38666 | Elf:2    | Found Lunufops's Gadget Boutique.
 38681 | Elf:2    | Found Fyphex's Distillery.
 38689 | Elf:2    | Bought a potion of haste for 180 gold pieces
 38689 | Elf:2    | Bought a potion of curing for 54 gold pieces
 38689 | Elf:2    | Bought a potion of resistance for 180 gold pieces
 38689 | Elf:2    | Bought a potion of curing for 54 gold pieces
 38689 | Elf:2    | Bought a potion of might for 72 gold pieces
 38696 | Elf:2    | Reached XP level 18. HP: 173/173 MP: 17/17
 38696 | Elf:2    | Found Hila Vas's Book Boutique.
 39014 | Elf:2    | Received a gift from Trog
 39163 | Elf:2    | Found a huge runed translucent gate.
 39163 | Elf:2    | Found a huge runed translucent gate.
 39163 | Elf:2    | Found a huge runed translucent gate.
 39163 | Elf:2    | Found a huge runed translucent gate.
 39163 | Elf:2    | Found a huge runed translucent gate.
 39952 | Elf:3    | Entered Level 3 of the Elven Halls
 39971 | Elf:3    | Found Ytoen's Armour Boutique.
 40149 | Elf:3    | Found a runed translucent door.
 40249 | Elf:3    | Received a gift from Trog
 40250 | Elf:3    | Noticed an Ice Fiend
 40257 | Elf:3    | Noticed a Brimstone Fiend
 40267 | Elf:3    | HP: 13/262 [deep elf high priest/divine providence (10)]
 40269 | Elf:3    | HP: 2/262 [deep elf high priest/divine providence (11)]
 40271 | Elf:3    | Killed from afar by a deep elf sorcerer

Illustrated notes

Levels and vault maps discovered:
D:1:      psy_arrival_basics, layout_loops_corners, minmay_small_reverse_x
D:2:      layout_basic, lemuel_crystal_altar
D:3:      layout_rooms, xom_teletrap_fun, general_overflow_altar, minitemple,
          uniq_jessica
D:4:      layout_loops_ring, old_standard_altar, minmay_temple_entry_waves,
          uniq_crazy_yiuf_cottage, uniq_pikel, uniq_natasha, uniq_sigmund
D:5:      layout_rooms, kennysheep_mini, serial_shops, nicolae_shop_trees,
          serial_corexii_hall, corexii_hall_statues_i,
          chequers_hall_statues_wall_a, st_stairs_13
D:6:      layout_rooms, serial_co_window_serial, co_window_of_opportunity_a,
          co_window_cross_1, co_window_paths_b, co_window_cross_1,
          co_window_corner_a, co_window_2corner, co_window_broadway_c,
          co_window_cross_2, co_window_paths_c, co_window_broadway_c,
          glass_columns_a, glass_columns_a, glass_columns_a, glass_columns_c,
          glass_columns_b, minmay_fountain_box
D:7:      layout_cave_pools, gammafunk_temple_overflow_pools,
          lemuel_round_altar, chequers_temple_overflow_statue_of_worship,
          serial_shops, shop
D:8:      layout_basic, erik_lair_dragon, special_room [special_room_kobold],
          uniq_grum
D:9:      layout_loops_corners
D:10:     layout_roguey, serial_undead, serial_undead_c, serial_undead_a,
          serial_undead_e, serial_undead_d
D:11:     layout_roguey, hiddenorc2_lemuel, serial_shops, nicolae_shop_stone
D:12:     regret_index_wax_grids, layout_rooms, drop_trap
D:13:     layout_small_grid, david_vaults_3, gauntlet_entry_generic,
          serial_shops, nicolae_shop_crystal, minivault_5
D:14:     layout_roguey, nrook_mini_backslash
D:15:     gammafunk_enter_depths_forms, layout_long_grid, special_room
          [special_room_orc], dk_noncrumbling_3
Temple:   dpeg_chambers_temple
Lair:1:   lemuel_ratsnest, layout_chaotic_city, portal_ice_cave_demonic_guard
Lair:2:   layout_long_grid, minmay_swamp_entry_swarm,
          guppyfry_snake_entry_island, serial_bayou, serial_bayou_pond_c,
          serial_bayou_pond_d, serial_bayou_pond_e, serial_bayou_lagoon_b,
          serial_bayou_shore_b, serial_bayou_lake_a,
          nicolae_quartered_pool_little
Lair:3:   layout_gridlike, gammafunk_ghost_icy, ldierk_geyser,
          wad_woods_road_03, nicolae_lair_grove_arrangements, lemuel_fruit_tree
Lair:4:   layout_roguey, st_stairs_11, grunt_forest_large_clearings
Lair:5:   layout_regular_city
Lair:6:   minmay_lair_end_frog_pond, layout_gridlike,
          nicolae_slime_entry_slimehenge
Swamp:1:  layout_basic_swamp, hangedman_swamp_cone
Swamp:2:  layout_falls_marsh, evilmike_swamp_ruin_house_3
Swamp:3:  cheibrodos_swamp_tower_of_moss, layout_basic_swamp,
          nicolae_swamp_little_tower
Swamp:4:  swamp, layout_basic_swamp, swamp_pool2
Orc:1:    layout_caves, basic_altar
Orc:2:    grunt_orc_tribal_feast, layout_caves
Elf:1:    eino_elf_arrival_customs, layout_geoelf_octagon, serial_shops,
          shop_coins, hangedman_elf_disciples
Elf:2:    layout_geoelf_grid, serial_shops, nicolae_shop_window_shopping, shop,
          shop
Elf:3:    minmay_elf_hall_not_hex, layout_loops_cross, serial_shops,
          shop_fountains, st_stairs_14, serial_sigils_hangedman_snap,
          minivault_13

Skill      XL: |  1  2  3  4  5  6  7  8  9 10 11 12 13 14 15 16 17 18 |
---------------+-------------------------------------------------------+-----
Axes           | 4 5 6 8 9 10 12 14 15 17 18 | 18.0
Fighting       | 4 5 6 8 9 10 11 12 14 15 16 17 | 17.2
Armour         | 3 4 5 6 7 8 10 11 12 13 14 15 16 17 | 17.0
Dodging        | 3 4 5 6 8 9 10 11 12 13 14 15 | 15.8
Shields        | 1 3 4 6 7 8 11 13 15 16 | 16.5
Evocations     | 4 5 6 8 |  8.9

Action                   |  1- 3 |  4- 6 |  7- 9 | 10-12 | 13-15 | 16-18 || total
-------------------------+-------+-------+-------+-------+-------+-------++-------
Melee: Hand axe          |    65 |   125 |   280 |   198 |       |       ||   668
       Headbutt          |     5 |    25 |    66 |   152 |   235 |   262 ||   745
       Broad axe         |       |       |       |   511 |  1024 |   952 ||  2487
Invok: Berserk           |       |     2 |     3 |     7 |    13 |    10 ||    35
       Trog's Hand       |       |       |       |     2 |     3 |     8 ||    13
       Brothers in Arms  |       |       |       |       |     2 |     7 ||     9
 Abil: Evoke Blink       |       |       |       |       |       |     1 ||     1
Evoke: Box of beasts     |       |       |       |       |       |     1 ||     1
  Use: Scroll            |       |     5 |     7 |    13 |    16 |     9 ||    50
       Potion            |       |       |       |     3 |     2 |    12 ||    17
 Stab: Distracted        |       |       |       |       |     1 |       ||     1
Armor: Animal skin       |    17 |       |       |       |       |       ||    17
       Ring mail         |     4 |    41 |   103 |    28 |   193 |       ||   369
       Plate armour      |       |       |       |   281 |    39 |   337 ||   657
       Chain mail        |       |       |       |    51 |    92 |       ||   143
       Skin              |       |       |       |       |       |    67 ||    67
Dodge: Dodged            |    41 |    69 |   143 |   264 |   496 |   362 ||  1375
Block: Buckler           |       |     5 |    57 |   311 |   413 |       ||   786
       Reflection        |       |       |       |     3 |    45 |    92 ||   140
       Kite shield       |       |       |       |       |   319 |   399 ||   718
       Tower shield      |       |       |       |       |       |   534 ||   534
